 Dungeon Crawl Stone Soup version 0.25-a0-731-g0472a16d6a (console) character file.

Game seed: 15492947164884472740, levelgen mode: classic

915 Duffy the Firebug (level 8, 62/62 HPs)
             Began as a Naga Fire Elementalist on Apr 8, 2020.
             Quit the game on level 5 of the Dungeon.
             The game lasted 00:06:31 (3855 turns).

Duffy the Firebug (Naga Fire Elementalist)          Turns: 3855, Time: 00:06:32

Health: 62/62      AC:  3    Str: 11    XL:     8   Next: 9%
Magic:  15/15      EV: 10    Int: 20    God:
Gold:   254        SH:  0    Dex: 11    Spells: 3/16 levels left

rFire    . . .     SeeInvis +   e - +2 dire flail (vorpal)
rCold    . . .     Gourm    .   (shield currently unavailable)
rNeg     . . .     Faith    +   a - +0 robe
rPois    +         Spirit   .   (helmet restricted)
rElec    .         Reflect  .   (no cloak)
rCorr    .         Harm     .   (no gloves)
MR       +....                  (no barding)
Stlth    +.........             d - amulet of faith
HPRegen  0.20/turn              (no ring)
MPRegen  0.14/turn              (no ring)

@: confused, hasted, quick
A: large, horns 1, see invisible, clever 1, deformed body, poison resistance,
slowness 2, slow metabolism 1, spit poison 1, AC +2
a: Spit Poison


You were on level 5 of the Dungeon.
You were hungry.

You visited 1 branch of the dungeon, and saw 5 of its levels.

You collected 254 gold pieces.

Inventory:

Hand Weapons
 e - a +2 vorpal dire flail (weapon)
 q - a +1 dagger of pain
Missiles
 x - 3 javelins (quivered)
Armour
 a - a +0 robe (worn)
 i - a +0 kite shield
 u - a cursed +0 buckler
Jewellery
 d - an amulet of faith (around neck)
Scrolls
 b - 2 scrolls of remove curse
 f - 3 scrolls of fear
 h - a scroll of enchant armour
 m - 3 scrolls of amnesia
 n - 3 scrolls of magic mapping
 p - 2 scrolls of fog {unknown}
 r - 2 scrolls of teleportation
 s - a scroll of enchant weapon {unknown}
 y - a scroll of blinking {unknown}
Potions
 g - 2 potions of resistance
 j - a potion of stabbing {unknown}
 k - a potion of curing
 l - a potion of berserk rage {unknown}
 t - a potion of ambrosia
 w - 2 potions of lignification
Comestibles
 c - 6 rations
 v - 7 chunks of flesh


   Skills:
 - Level 1.5 Dodging
 - Level 3.0 Stealth
 + Level 4.8 Spellcasting
 + Level 5.6 Conjurations
 + Level 5.7 Fire Magic


You had 3 spell levels left.
You knew the following spells:

 Your Spells              Type           Power        Failure   Level  Hunger
h - Foxfire               Conj/Fire      ####         1%          1    None
j - Sticky Flame          Conj/Fire      ####....     12%         4    ####...
k - Fireball              Conj/Fire      ####......   32%         5    ######.
l - Conjure Flame         Conj/Fire      ####....     3%          3    ##.....

Your spell library contained the following spells:

 Spells                   Type           Power        Failure   Level  Hunger
 Inner Flame              Hex/Fire       ###.....     11%         3    ##.....
 Confusing Touch          Hex            #.......     34%         3    ##.....
 Gell's Gravitas          Tloc           #.........   34%         3    ##.....
 Petrify                  Tmut/Erth      #.......     75%         4    ####...
 Metabolic Englaciation   Hex/Ice        #.........   97%         5    ######.
 Yara's Violent Unravell  Hex/Tmut       #.........   97%         5    ######.


Dungeon Overview and Level Annotations

Branches:
Dungeon (5/15)
 Temple: D:4-7

Altars:
Dithmenos
Elyvilon
Ru

Annotations:
D:4 3 runed translucent doors, Anathary's ghost, amateur DECj


Innate Abilities, Weirdness & Mutations

You cannot wear boots.
Your serpentine skin is tough. (AC +2)
You have supernaturally acute eyesight. (SInv)
Armour fits poorly on your strangely shaped body.
Your system is resistant to poisons. (rPois)
You cover ground very slowly.
You have a slow metabolism.
You can spit poison.
You have a pair of small horns on your head.
Your mind is acute. (Int +2)


Message History

The dart slug is heavily wounded.
The foxfire hits the dart slug.
The dart slug is severely wounded.
Unknown command.
Cast which spell? (? or * to list)
You conjure some foxfire!
The foxfire hits the dart slug.
You kill the dart slug!
Unknown command.
Okay, then.
It was a potion of haste.
You feel yourself speed up.
Your foxfire dissipates!
It was a potion of ambrosia.
You are confused.
You feel invigorated.
Your foxfire dissipates!
It was a potion of mutation.
You feel extremely strange.
You feel clever. A pair of horns grows on your head!
Your foxfire dissipates! x2
Okay, then.
Are you sure you want to abandon this character and quit the game? (Confirm with "yes".)

..#
#.#....#........#.#
..#
#.#..###..#.###.#.#
..#
#.................#
..#
########)##.##.####
..# .................#
### ##
#######.#...#.##.#
...######..0....#..#.#
..%.0.00..#0#........
#00.@..0.....#..#..
#.##0...........#.##
#.###)#......... #.#
#.#####.##### #.#
#......... #.#
#######.### #.. ###


There were no monsters in sight!

Vanquished Creatures
  Edmund (D:4)
  A phantom (D:4)
  3 ogres
  A crimson imp (D:4)
  2 orc priests
  A centaur skeleton (D:4)
  3 orc wizards (D:4)
  A bullfrog skeleton (D:5)
  3 worker ants
  3 gnolls (D:4)
  7 adders
  2 oozes
  A worm (D:4)
  2 dart slugs
  5 orcs
  4 bats
  4 giant cockroaches
  4 goblins
  6 kobolds
  A quokka (D:3)
  4 ball pythons
  3 frilled lizards
  7 rats
69 creatures vanquished.

Vanquished Creatures (others)
  191 foxfires
  2 fungi (D:4)
  2 plants (D:4)
195 creatures vanquished.

Grand Total: 264 creatures vanquished

Notes
Turn   | Place    | Note
-------+----------+-------------------------------------------
     0 | D:1      | Duffy the Naga Fire Elementalist began the quest for the
                  | Orb.
     0 | D:1      | Reached XP level 1. HP: 15/15 MP: 3/3
   391 | D:1      | Reached XP level 2. HP: 21/22 MP: 5/5
   760 | D:2      | Found a sacrificial altar of Ru.
   807 | D:2      | Reached XP level 3. HP: 24/28 MP: 4/6
   812 | D:2      | Learned a level 3 spell: Conjure Flame
  1491 | D:3      | Found a white marble altar of Elyvilon.
  1523 | D:3      | Reached XP level 4. HP: 36/36 MP: 7/7
  2218 | D:4      | Noticed an ogre
  2225 | D:4      | Killed an ogre
  2225 | D:4      | Reached XP level 5. HP: 42/42 MP: 1/9
  2313 | D:4      | Found a shadowy altar of Dithmenos.
  2315 | D:4      | Noticed an ogre
  2321 | D:4      | Killed an ogre
  2321 | D:4      | Reached XP level 6. HP: 49/49 MP: 3/10
  2377 | D:3      | Learned a level 4 spell: Sticky Flame
  2567 | D:4      | Found a runed translucent gate.
  2567 | D:4      | Found a runed translucent gate.
  2567 | D:4      | Found a runed translucent gate.
  2568 | D:4      | Identified the +10 whip "Oboatzer" {drain, rF++ Int+4
                  | Dex-3}
  2568 | D:4      | Noticed Anathary's ghost (amateur DECj)
  2594 | D:4      | Noticed Edmund
  2618 | D:4      | Killed Edmund
  2622 | D:4      | Reached XP level 7. HP: 47/55 MP: 4/12
  2657 | D:5      | Entered Level 5 of the Dungeon
  2672 | D:5      | HP: 2/55 [poisoned by an orc]
  3016 | D:4      | Learned a level 5 spell: Fireball
  3116 | D:4      | Reached skill level 5 in Conjurations
  3116 | D:4      | Reached skill level 5 in Fire Magic
  3773 | D:5      | Reached XP level 8. HP: 50/62 MP: 7/15
  3854 | D:5      | Gained mutation: Your mind is acute. (Int +2) [potion of
                  | mutation]
  3854 | D:5      | Gained mutation: You have a pair of small horns on your
                  | head. [potion of mutation]
  3855 | D:5      | Quit the game

Levels and vault maps discovered:
D:1:      dpeg_arrival_chambers_temple_mockup, layout_loops_ring
D:2:      layout_loops_ring, nicolae_ru_sacrificial_ziggurat, minmay_distorted
D:3:      layout_loops_ring, elyvilon_altar_3
D:4:      layout_cave_pools, first_ration, gammafunk_ghost_nasty_kobolds,
          grunt_dithmenos_smoke, uniq_edmund
D:5:      cheibrodos_thug_alley, layout_basic, kennysheep_mini_moat

Skill      XL: |  1  2  3  4  5  6  7 |
---------------+----------------------+-----
Conjurations   | 2 3 4 5 |  5.6
Spellcasting   | 3 4 |  4.8
Fire Magic     | 4 5 |  5.7
Dodging        | |  1.5
Stealth        | |  3.0

Action                   |  1- 3 |  4- 6 |  7- 9 || total
-------------------------+-------+-------+-------++-------
Melee: Unarmed           |       |    24 |       ||    24
       Dire flail        |       |       |    17 ||    17
Throw: Javelin           |    33 |     1 |     3 ||    37
 Cast: Foxfire           |    17 |    61 |    57 ||   135
       Sticky Flame      |       |       |     3 ||     3
 Abil: Spit Poison       |    12 |     7 |     9 ||    28
  Use: Scroll            |     7 |     2 |       ||     9
       Potion            |       |     1 |     4 ||     5
 Stab: Sleeping          |       |       |     1 ||     1
  Eat: Chunk             |     2 |     3 |     4 ||     9
Armor: Robe              |     4 |     1 |     7 ||    12
       Skin              |       |    25 |     1 ||    26
Dodge: Dodged            |    12 |    12 |    28 ||    52

Table legend:
 A = Non-vault XP
 B = Vault XP
 C = Vault XP percentage of total XP
 D = Non-vault monster count
 E = Vault monster count
 F = Vault count percentage of total count
                 A         B        C        D         E       F
            +---------+---------+-------+---------+---------+-------
      Total |    1145 |     163 |  12.5 |      66 |       3 |   4.3
            +---------+---------+-------+---------+---------+-------
        D:1 |      17 |       0 |   0.0 |      11 |       0 |   0.0
        D:2 |      16 |       5 |  23.8 |       7 |       2 |  22.2
        D:3 |      60 |       0 |   0.0 |      14 |       0 |   0.0
        D:4 |     780 |     158 |  16.8 |      26 |       1 |   3.7
        D:5 |     272 |       0 |   0.0 |       8 |       0 |   0.0
            +---------+---------+-------+---------+---------+-------
